[Event "WYCC 2018 G14"]
[Site "Halkidiki"]
[Date "2018.10.22"]
[Round "4"]
[White "Ning, Kaiyu"]
[Black "Kamalidenova, Meruert"]
[Result "1-0"]
[ECO "E71"]
[WhiteElo "2217"]
[BlackElo "1999"]
[Annotator "NA"]
[PlyCount "91"]
[EventDate "2018.10.20"]
[EventType "swiss"]
[EventCountry "GRE"]
[SourceTitle "playchess.com"]
[Source "ChessBase"]
[SourceQuality "1"]
[TimeControl "40/5400+30:1800+30"]

1. d4 Nf6 2. c4 g6 3. Nc3 Bg7 4. e4 d6 5. h3 O-O 6. Nf3 e5 7. d5 a5 8. Be3 Na6 9. Nd2 Nd7 10. g4 {[%emt 0:01:28] E90: King's Indian: Classical: Early deviations and 6 h3} Ndc5 11. a3 Bd7 12. h4 (12. Rg1 Kh8 13. g5 f5 14. gxf6 Qxf6 15. Qe2 a4 16. Rg3 h6 17. O-O-O {½-½ (17) Nisipeanu,L (2659)-Nyzhnyk,I (2583) Konya 2011}) 12... c6 13. h5 {[%emt 0:03:46] [#]} g5 $146 ({Predecessor:} 13... a4 14. Qf3 f5 15. hxg6 fxg4 16. Qg3 hxg6 17. Be2 {1-0 (32) Zakaryan,D (2420)-Iljiushenok,I (2512) Taganrog 2018}) 14. f3 h6 15. b3 cxd5 16. cxd5 Qc7 17. Kf2 Rfb8 18. Nb5 Qb6 19. a4 Bxb5 20. Bxb5 Nb4 21. Qe2 Rc8 22. Rhc1 Bf8 23. Kg2 Qd8 24. Rc3 Be7 25. Nc4 b6 26. Rac1 Ra7 27. Bf2 Rb8 28. Be1 Qf8 29. Re3 Nba6 30. Na3 Nc7 $18 31. Bc6 Bd8 32. Nb5 Nxb5 33. axb5 f6 34. Ra1 Rf7 35. b4 axb4 36. Bxb4 Qe7 37. Rea3 Rf8 38. Ra7 Bc7 39. Bxc5 bxc5 40. R1a6 Qd8 41. Qa2 Rb6 42. Rxb6 Bxb6 43. Rd7 Qb8 44. Rb7 Qd8 45. Qa6 Ba5 46. Qa7 1-0

[Event "WYCC 2018 G14"]
[Site "Halkidiki"]
[Date "2018.10.22"]
[Round "4"]
[White "Divya Deshmukh"]
[Black "Ehsani, Yassamin"]
[Result "1-0"]
[ECO "B42"]
[WhiteElo "2180"]
[BlackElo "1875"]
[Annotator "NA"]
[PlyCount "81"]
[EventDate "2018.10.20"]
[EventType "swiss"]
[EventCountry "GRE"]
[SourceTitle "playchess.com"]
[Source "ChessBase"]
[SourceQuality "1"]
[TimeControl "40/5400+30:1800+30"]

1. e4 c5 2. Nf3 e6 3. d4 cxd4 4. Nxd4 a6 5. Bd3 Nf6 6. O-O Qc7 7. Qe2 d6 8. c4 g6 9. Nc3 Bg7 10. Be3 O-O 11. f4 Nbd7 12. Rac1 Re8 {[%emt 0:16:17] B42: Sicilian: Kan Variation: 5 Bd3} 13. b4 b6 14. Nb3 Bb7 {[%emt 0:13:32] [#]} 15. g4 $146 ({Predecessor:} 15. Qf3 Rac8 16. a3 Qb8 17. Qh3 Qa8 18. Nd2 h5 19. Kh1 Ng4 20. Bg1 {0-1 (73) Mrazik,L (2518)-Brooks,I (2591) ICCF email 2006}) 15... d5 16. cxd5 exd5 17. e5 Nxe5 18. fxe5 Qxe5 19. Bf4 Qe6 20. Qxe6 fxe6 21. Be5 Nd7 22. Bxg7 Kxg7 23. Ne2 Rac8 $18 24. Nf4 e5 25. Rxc8 Rxc8 26. Ne6+ Kg8 27. Rc1 Rxc1+ 28. Nxc1 b5 29. Nb3 Bc8 30. h3 Kf7 31. Nc7 Nb6 32. Nc5 e4 33. Be2 Kf6 34. N7xa6 Bxa6 35. Nxa6 d4 36. Bxb5 d3 37. Nc5 Ke5 38. Nd7+ Kd4 39. Nxb6 d2 40. Be2 e3 41. b5 {[%emt 0:01:00] Kd5} 1-0

[Event "WYCC 2018 G14"]
[Site "Halkidiki"]
[Date "2018.10.22"]
[Round "4"]
[White "Garifullina, Leya"]
[Black "Moracchini, Margaux"]
[Result "1-0"]
[ECO "C42"]
[WhiteElo "2106"]
[BlackElo "1838"]
[Annotator "NA"]
[PlyCount "51"]
[EventDate "2018.10.20"]
[EventType "swiss"]
[EventCountry "GRE"]
[SourceTitle "playchess.com"]
[Source "ChessBase"]
[SourceQuality "1"]
[TimeControl "40/5400+30:1800+30"]

1. e4 e5 2. Nf3 Nf6 3. Nxe5 d6 4. Nf3 Nxe4 5. d4 d5 6. Bd3 Be7 7. O-O O-O 8. Re1 Bf5 9. Nbd2 Nd6 10. Nf1 Bxd3 11. Qxd3 Nd7 12. b3 Ne4 13. Bb2 c6 14. c4 Re8 15. cxd5 cxd5 16. Ne3 Nef6 17. Ne5 g6 18. f4 $14 Nb6 19. f5 Bb4 20. Rf1 Ne4 21. fxg6 fxg6 22. N3g4 Nd7 23. Nh6+ Kg7 24. Rf7+ Kxh6 25. Qh3+ Kg5 26. Nf3# 1-0

[Event "WYCC 2018 G14"]
[Site "Halkidiki"]
[Date "2018.10.22"]
[Round "4"]
[White "Wen, Yili"]
[Black "Bardorz, Jana"]
[Result "1-0"]
[ECO "A14"]
[WhiteElo "2083"]
[BlackElo "1810"]
[Annotator "NA"]
[PlyCount "117"]
[EventDate "2018.10.20"]
[EventType "swiss"]
[EventCountry "GRE"]
[SourceTitle "playchess.com"]
[Source "ChessBase"]
[SourceQuality "1"]
[TimeControl "40/5400+30:1800+30"]

1. Nf3 d5 2. c4 e6 3. g3 Nf6 4. Bg2 Be7 5. O-O O-O 6. d4 dxc4 7. Qc2 a6 8. a4 Nbd7 9. Rd1 Nd5 10. e4 Nb4 11. Qxc4 b5 12. Qe2 bxa4 13. Nc3 Nb6 14. Nxa4 Nxa4 15. Rxa4 Bd7 16. Ra1 Bb5 17. Qd2 c5 $11 18. d5 exd5 19. exd5 Bd6 20. Qc3 Re8 21. Be3 Rc8 22. Bf1 Bxf1 23. Kxf1 Qd7 24. Qc4 Qh3+ 25. Kg1 Bxg3 26. hxg3 Rxe3 27. Qf4 Rd3 28. d6 Rxd1+ 29. Rxd1 Qd7 30. Ne5 Qe6 31. d7 Rd8 32. Rd6 Qe7 33. Nc4 h6 34. Qd2 Nc6 35. Rxc6 Rxd7 36. Rd6 Rxd6 37. Nxd6 Qf6 38. Nb7 Qe5 39. Qc3 Qe2 40. Nxc5 Qd1+ 41. Kg2 Qd5+ 42. f3 Qd1 43. Qd3 Qc1 44. Qd8+ Kh7 45. Qd4 Qc2+ 46. Qf2 Qc4 47. Ne4 f5 48. Nc3 f4 49. Qe2 Qb3 50. gxf4 Qf7 51. Qe4+ Kh8 52. Qa8+ Kh7 53. Qe4+ Kh8 54. f5 Qd7 55. Nd5 Qb5 56. b4 a5 57. Ne7 Qa6 58. Ng6+ Kh7 59. Qe8 1-0

[Event "WYCC 2018 G14"]
[Site "Halkidiki"]
[Date "2018.10.22"]
[Round "4"]
[White "Dylag, Emilia"]
[Black "Song, Yuxin"]
[Result "0-1"]
[ECO "A17"]
[WhiteElo "2059"]
[BlackElo "2178"]
[Annotator "NA"]
[PlyCount "124"]
[EventDate "2018.10.20"]
[EventType "swiss"]
[EventCountry "GRE"]
[SourceTitle "playchess.com"]
[Source "ChessBase"]
[SourceQuality "1"]
[TimeControl "40/5400+30:1800+30"]

1. Nf3 Nf6 2. c4 e6 3. Nc3 Bb4 4. Qc2 O-O 5. a3 Bxc3 6. Qxc3 b6 7. b4 Bb7 8. Bb2 d6 9. e3 e5 10. d3 Nbd7 11. Be2 Re8 12. O-O c5 13. Qb3 d5 14. Rfd1 Rb8 15. b5 d4 16. e4 a5 17. bxa6 Bxa6 18. a4 Ra8 19. Rdb1 Ra7 20. Bc1 Bb7 21. Ra2 Bc6 22. Bd1 Qc7 23. Bg5 Ra6 24. Nh4 Rea8 25. Rba1 Ne8 26. Nf5 f6 27. Bd2 Nf8 28. g3 Ne6 29. Ra3 g6 30. Nh4 Nd6 31. f4 exf4 32. gxf4 f5 33. e5 Nf7 34. Bf3 g5 35. Bxc6 Qxc6 36. Nxf5 Qf3 37. Qd1 Qxd1+ 38. Rxd1 gxf4 39. Ne7+ Kh8 40. Re1 Nfg5 41. Kf2 Rxa4 42. Rxa4 Rxa4 43. h4 Ra2 44. Rd1 Nf7 45. Kf3 Ra7 46. Nd5 Nxe5+ 47. Ke4 Ng4 48. Kf5 Nf2 49. Rf1 Ng7+ 50. Kxf4 Rf7+ 51. Kg3 Ne4+ 52. dxe4 Rxf1 53. Nxb6 Ne6 54. Nd7 Rd1 55. Ba5 Rc1 56. Ne5 Kg7 57. Kf3 Kf6 58. Nd7+ Kg6 59. Bd2 Rc2 60. Be1 Kh5 61. Nb6 d3 62. Ke3 Re2+ 0-1

[Event "WYCC 2018 G14"]
[Site "Halkidiki"]
[Date "2018.10.22"]
[Round "4"]
[White "Mehmed, Elif"]
[Black "Eizaguerri Floris, Maria"]
[Result "1-0"]
[ECO "B46"]
[WhiteElo "2049"]
[BlackElo "1987"]
[Annotator "NA"]
[PlyCount "71"]
[EventDate "2018.10.20"]
[EventType "swiss"]
[EventCountry "GRE"]
[SourceTitle "playchess.com"]
[Source "ChessBase"]
[SourceQuality "1"]
[TimeControl "40/5400+30:1800+30"]

1. e4 c5 2. Nf3 e6 3. d4 cxd4 4. Nxd4 Nc6 5. Nc3 a6 6. Bf4 d6 7. Bg3 Nf6 8. Be2 Be7 9. Nxc6 bxc6 10. e5 Nd5 11. exd6 Bxd6 12. Ne4 Bxg3 13. hxg3 O-O 14. c4 Qa5+ 15. Qd2 Qxd2+ 16. Kxd2 Nc7 17. Kc3 e5 18. Nc5 f5 19. Rad1 Rb8 20. Rd6 Rb6 21. Rhd1 a5 22. R1d2 Re8 23. a3 Kf7 24. b4 axb4+ 25. axb4 Ne6 26. Nxe6 Rxe6 27. c5 Rxd6 28. Rxd6 Ke7 29. Bc4 e4 30. Bd5 Bd7 31. Re6+ Bxe6 32. cxb6 Bxd5 33. b7 g5 34. b8=Q h5 35. Qe5+ Be6 36. Qg7+ 1-0

[Event "WYCC 2018 G14"]
[Site "Halkidiki"]
[Date "2018.10.22"]
[Round "4"]
[White "Dhyana Patel"]
[Black "Caglar, Sila"]
[Result "0-1"]
[ECO "B53"]
[WhiteElo "2002"]
[BlackElo "2184"]
[Annotator "NA"]
[PlyCount "82"]
[EventDate "2018.10.20"]
[EventType "swiss"]
[EventCountry "GRE"]
[SourceTitle "playchess.com"]
[Source "ChessBase"]
[SourceQuality "1"]
[TimeControl "40/5400+30:1800+30"]

1. e4 c5 2. Nf3 d6 3. d4 cxd4 4. Qxd4 Nf6 5. Bb5+ {[%emt 0:00:47] B53: Sicilian: 2...d6: Lines with Qxd4} (5. Be2 Nc6 6. Qe3 Bg4 7. O-O g6 8. Rd1 Bxf3 9. Bxf3 Bg7 10. c4 Qc7 11. Nc3 Ne5 12. b3 Nxf3+ 13. Qxf3 {1-0 (33) Harikrishna,P (2732)-Navara,D (2727) Prague 2018}) 5... Bd7 6. Bxd7+ Qxd7 7. c4 Qg4 8. O-O Nc6 9. Qd3 Qxe4 10. Qxe4 $146 ({Predecessor:} 10. Qb3 Rb8 11. Nc3 Qf5 12. Nd5 Qd7 {0-1 (37) Bozinovic,B (1969)-Vucinic,G (2294) Veliko Gradiste 2016}) 10... Nxe4 11. Re1 Nc5 12. Nc3 e6 13. Be3 O-O-O 14. Rad1 Be7 15. a3 b6 16. b4 Nd7 17. Bf4 Nde5 18. Nxe5 dxe5 ({Much weaker is} 18... Nxe5 $6 19. c5 $11) 19. Be3 Kb7 20. Ne4 $17 f5 21. Nc3 Rxd1 22. Rxd1 Rd8 23. Rxd8 Bxd8 24. f3 a5 25. Na2 Nd4 26. Bxd4 exd4 27. f4 g5 28. Nc1 axb4 29. axb4 gxf4 30. Nd3 Bc7 31. b5 Bd6 32. Kf2 e5 33. Ke2 e4 34. Nc1 Bb4 35. Na2 Ba5 36. Nc1 d3+ 37. Kd1 Kc7 38. h3 h6 39. h4 h5 40. Nb3 e3 41. c5 e2+ 0-1

[Event "WYCC 2018 G14"]
[Site "Halkidiki"]
[Date "2018.10.22"]
[Round "4"]
[White "Mrudul Dehankar"]
[Black "Behzad Nazif, Parva"]
[Result "1-0"]
[ECO "C63"]
[WhiteElo "1996"]
[BlackElo "1859"]
[Annotator "NA"]
[PlyCount "69"]
[EventDate "2018.10.20"]
[EventType "swiss"]
[EventCountry "GRE"]
[SourceTitle "playchess.com"]
[Source "ChessBase"]
[SourceQuality "1"]
[TimeControl "40/5400+30:1800+30"]

1. e4 e5 2. Nf3 Nc6 3. Bb5 f5 4. d3 fxe4 5. dxe4 Nf6 6. O-O d6 7. h3 Be7 8. Nc3 O-O 9. Bc4+ Kh8 10. Ng5 Qe8 11. Ne6 Na5 12. Nxc7 $16 ({Stronger than} 12. Nxf8 Nxc4 13. Nxh7 Kxh7 $17) 12... Qd7 13. Nxa8 Nxc4 14. Qd3 Qc6 15. Nd5 Bd8 16. b3 Na5 17. b4 Nc4 18. b5 Qc5 19. Be3 Nxe3 20. Qxe3 Qc4 21. Nxf6 gxf6 22. b6 axb6 23. Nxb6 Bxb6 24. Qxb6 Bxh3 25. Qe3 Bd7 26. Rad1 Bb5 27. Rfe1 Qxc2 28. Rxd6 Qxa2 29. Qh6 Qf7 30. f4 Bc4 31. Re3 Qe7 32. Rd2 Qc5 33. fxe5 fxe5 34. Rd7 Bf7 35. Kh2 1-0

[Event "WYCC 2018 G14"]
[Site "Halkidiki"]
[Date "2018.10.22"]
[Round "4"]
[White "Matus, Nastassja"]
[Black "Zaritovskaja, Margarita"]
[Result "1/2-1/2"]
[ECO "A87"]
[WhiteElo "1983"]
[BlackElo "1731"]
[Annotator "NA"]
[PlyCount "81"]
[EventDate "2018.10.20"]
[EventType "swiss"]
[EventCountry "GRE"]
[SourceTitle "playchess.com"]
[Source "ChessBase"]
[SourceQuality "1"]
[TimeControl "40/5400+30:1800+30"]

1. c4 f5 2. d4 Nf6 3. g3 g6 4. Bg2 Bg7 5. Nf3 O-O 6. b3 d6 7. Bb2 c6 8. O-O Na6 9. Nbd2 Nd7 10. e4 fxe4 11. Nxe4 Nf6 12. Nxf6+ exf6 13. Re1 d5 14. Qd2 Bd7 15. Re2 Qc7 16. Rae1 Rfe8 17. Bc1 Rxe2 18. Rxe2 Re8 19. Rxe8+ Bxe8 20. Qe2 Bf7 21. c5 Qd7 22. Bd2 Nc7 23. b4 b6 24. Qe3 b5 25. h4 Ne8 26. Kh2 Be6 27. Ne1 Bf8 28. Nd3 Ng7 29. Nf4 Bf5 30. f3 Ne6 31. Nxe6 Qxe6 32. g4 Qxe3 33. Bxe3 Bd7 34. Kg3 Kf7 35. Bh3 h6 36. Bf1 f5 37. Bd3 fxg4 38. fxg4 Bg7 39. Bc2 Bc8 40. Bd3 Bd7 41. Bc2 1/2-1/2

[Event "WYCC 2018 G14"]
[Site "Halkidiki"]
[Date "2018.10.22"]
[Round "4"]
[White "Sim, Jia Ru"]
[Black "Nurgali, Nazerke"]
[Result "0-1"]
[ECO "B15"]
[WhiteElo "1979"]
[BlackElo "2263"]
[Annotator "NA"]
[PlyCount "102"]
[EventDate "2018.10.20"]
[EventType "swiss"]
[EventCountry "GRE"]
[SourceTitle "playchess.com"]
[Source "ChessBase"]
[SourceQuality "1"]
[TimeControl "40/5400+30:1800+30"]

1. e4 c6 2. d4 d5 3. Nc3 dxe4 4. Nxe4 Nf6 5. Nxf6+ exf6 6. c3 Bd6 7. Bd3 O-O 8. Ne2 Qc7 {[%emt 0:00:50] B15: Caro-Kann: 3 Nc3: 3...g6 and 3...dxe4 4 Nxe4 Nf6 5 Nxf6+ exf6} (8... Re8 9. Qc2 h5 10. Be3 Nd7 11. O-O-O Nf8 12. c4 Be6 13. Nc3 Bb4 14. Ne4 Qa5 15. a3 Be7 16. Rhe1 f5 {½-½ (55) Savchenko,B (2562)-Artemiev,V (2706) Sochi 2018}) 9. h3 Re8 10. O-O Nd7 11. Be3 Nf8 12. Qd2 Ng6 13. c4 $146 ({Predecessor:} 13. Rfe1 Nh4 14. Nf4 b6 15. c4 g6 16. c5 bxc5 17. dxc5 {½-½ (40) Vaibhav,A (1957)-Markovic,M (2474) Backi Petrovac 2016}) 13... b6 14. Rfd1 f5 15. f4 Qe7 16. Bf2 c5 17. Re1 Qc7 18. g3 Bd7 19. d5 h5 20. h4 Nf8 21. Qc2 g6 22. Kg2 Nh7 23. Ng1 Nf6 24. Nf3 Ng4 25. Qd2 a6 26. Rxe8+ Rxe8 27. Re1 Rb8 28. b3 f6 29. Qb2 Kf7 30. a4 Qb7 31. Qe2 Kg7 32. Nh2 Nxf2 33. Kxf2 b5 34. axb5 axb5 $11 35. Nf3 bxc4 36. Bxc4 Ra8 37. Qb2 Qa7 38. Re2 Kf7 39. Ne5+ Kg7 40. Nxd7 Qxd7 41. Re6 Qd8 42. Bb5 Ra5 43. Qe2 Ra1 44. Re8 Qa5 45. Ba4 Qc3 46. Re3 Qd4 47. Kf3 Qxd5+ 48. Kf2 Qh1 49. Bb5 Rg1 50. Re7+ Kh6 51. Bc6 Qh2+ 0-1

[Event "WYCC 2018 G14"]
[Site "Halkidiki"]
[Date "2018.10.22"]
[Round "4"]
[White "Ziegenfuss, Antonia"]
[Black "Jyothsna L"]
[Result "1/2-1/2"]
[ECO "D10"]
[WhiteElo "1969"]
[BlackElo "2060"]
[Annotator "NA"]
[PlyCount "87"]
[EventDate "2018.10.20"]
[EventType "swiss"]
[EventCountry "GRE"]
[SourceTitle "playchess.com"]
[Source "ChessBase"]
[SourceQuality "1"]
[TimeControl "40/5400+30:1800+30"]

1. d4 d5 2. c4 c6 3. cxd5 cxd5 4. Bf4 Nf6 5. e3 Nc6 6. Nc3 e6 7. Nf3 Bd7 8. Be2 Be7 9. h3 O-O 10. O-O Rc8 11. Rc1 a6 12. Ne1 Na7 13. Nd3 Nb5 14. Nxb5 Bxb5 15. Rxc8 Qxc8 16. Qc1 b6 17. Rd1 Qb7 18. Rd2 Rc8 19. Rc2 Rxc2 20. Qxc2 Qc6 21. Qxc6 Bxc6 22. Ne5 Bb7 23. a4 Kf8 24. Kf1 Ke8 25. b3 Ne4 26. Nf3 Bd6 27. Bxd6 Nxd6 28. Bd3 a5 29. Ke2 h6 30. Kd2 f6 31. Kc3 Bc6 32. Kb2 Ke7 33. Ka3 Nb7 34. b4 Kd6 35. Nd2 Kc7 36. Nb1 Nd6 37. Nd2 Nb7 38. Nb3 axb4+ 39. Kxb4 Kd6 40. Ba6 Nd8 41. Bd3 Bb7 42. Kb5 Kc7 43. a5 Bc6+ 44. Kb4 1/2-1/2

[Event "WYCC 2018 G14"]
[Site "Halkidiki"]
[Date "2018.10.22"]
[Round "4"]
[White "Hrebenshchykova, Yelyzaveta"]
[Black "Zeng, Sheena"]
[Result "1/2-1/2"]
[ECO "C06"]
[WhiteElo "1968"]
[BlackElo "1807"]
[Annotator "NA"]
[PlyCount "70"]
[EventDate "2018.10.20"]
[EventType "swiss"]
[EventCountry "GRE"]
[SourceTitle "playchess.com"]
[Source "ChessBase"]
[SourceQuality "1"]
[TimeControl "40/5400+30:1800+30"]

1. e4 e6 2. d4 d5 3. Nd2 Nf6 4. e5 Nfd7 5. Bd3 c5 6. c3 Nc6 7. Ne2 cxd4 8. cxd4 f6 9. exf6 Nxf6 10. O-O Bd6 11. Nf3 Qc7 12. Nc3 a6 13. Re1 O-O 14. h3 Bd7 15. Bg5 h6 16. Be3 Nh5 17. Ne5 Nf4 18. Nxd7 Qxd7 19. Bf1 Rf6 20. g3 Ng6 21. Bg2 Nge7 22. Qd2 Nf5 23. Rac1 Raf8 24. Rf1 Qf7 25. Na4 Nxe3 26. Qxe3 Ne7 27. Nc5 Nf5 28. Qd3 Rg6 29. Rc2 Nh4 30. Rcc1 Nxg2 31. Kxg2 Rf6 32. Qe2 Bxc5 33. Rxc5 Rf5 34. Rc3 Qf6 35. Rd3 Kh8 1/2-1/2

[Event "WYCC 2018 G14"]
[Site "Halkidiki"]
[Date "2018.10.22"]
[Round "4"]
[White "Randrianarimanana, Alicia"]
[Black "Zhou, Iris"]
[Result "0-1"]
[ECO "B20"]
[WhiteElo "1947"]
[BlackElo "1779"]
[Annotator "NA"]
[PlyCount "64"]
[EventDate "2018.10.20"]
[EventType "swiss"]
[EventCountry "GRE"]
[SourceTitle "playchess.com"]
[Source "ChessBase"]
[SourceQuality "1"]
[TimeControl "40/5400+30:1800+30"]

1. e4 c5 2. d3 Nc6 3. g3 g6 4. Bg2 Bg7 5. f4 d6 6. Nf3 e5 7. O-O Nge7 8. c3 O-O 9. Be3 b6 10. Na3 Be6 $14 (10... exf4 $11 11. Bxf4 Ne5) 11. d4 (11. f5 $5 gxf5 12. Ng5 $14) 11... cxd4 12. cxd4 exd4 13. Nxd4 Nxd4 14. Bxd4 Bxd4+ 15. Qxd4 d5 16. e5 Nf5 17. Qd2 h5 18. Rfd1 Qe7 19. Rac1 Rac8 20. Nc2 Kg7 21. Nd4 Nxd4 22. Qxd4 Rc4 23. Qd3 Qc5+ 24. Kf1 Rxc1 25. Bf3 Rxd1+ 26. Bxd1 Bh3+ 27. Ke1 Qg1+ 28. Kd2 Rc8 29. Qxd5 Qf2+ 30. Be2 Bg4 31. Qd3 Bxe2 32. Qxe2 Rc2+ 0-1

[Event "WYCC 2018 G14"]
[Site "Halkidiki"]
[Date "2018.10.22"]
[Round "4"]
[White "Lehaci, Miruna-Daria"]
[Black "He, Emma"]
[Result "1-0"]
[ECO "D47"]
[WhiteElo "1933"]
[BlackElo "1674"]
[Annotator "NA"]
[PlyCount "115"]
[EventDate "2018.10.20"]
[EventType "swiss"]
[EventCountry "GRE"]
[SourceTitle "playchess.com"]
[Source "ChessBase"]
[SourceQuality "1"]
[TimeControl "40/5400+30:1800+30"]

1. d4 d5 2. c4 e6 3. Nc3 Nf6 4. Nf3 c6 5. e3 Nbd7 6. Bd3 dxc4 7. Bxc4 b5 8. Be2 Bd6 9. O-O O-O 10. a3 a5 11. e4 e5 12. d5 cxd5 13. Nxb5 Qb6 $14 14. exd5 Bc5 15. Nc3 Bb7 16. Rb1 Qd6 17. b4 axb4 18. axb4 Bb6 19. Qb3 e4 20. Ng5 Rfe8 21. Nb5 Qe5 22. d6 Bd5 23. Qg3 e3 24. Bxe3 Qxg3 25. hxg3 Rxe3 26. fxe3 Bxe3+ 27. Kh1 Bxg5 28. Nc3 Be6 29. Bf3 Rb8 30. Ne4 Nxe4 31. Bxe4 g6 32. Rfd1 Be3 33. b5 Kg7 34. Rb2 Bc5 35. Bc6 Bb6 36. Rb4 Bc5 37. Rbb1 Bb6 38. Rd2 Kf6 39. Rf1+ Kg7 40. Bd5 Bxd5 41. Rxd5 Re8 42. g4 f6 43. Rc1 Kf7 44. g3 Ne5 45. g5 Nf3 46. Rf1 Ke6 47. d7 Rd8 48. Rfd1 Bc7 49. b6 Be5 50. gxf6 Ng5 51. Rc5 Nf7 52. b7 Kxf6 53. Rc8 Ke7 54. Re1 Kxd7 55. Rxe5 Rxc8 56. Re7+ Kd8 57. bxc8=Q+ Kxc8 58. Rxf7 1-0

[Event "WYCC 2018 G14"]
[Site "Halkidiki"]
[Date "2018.10.22"]
[Round "4"]
[White "Kuhar, Larisa"]
[Black "Figueroa Bernal, Julia Dennis"]
[Result "1-0"]
[ECO "B44"]
[WhiteElo "1916"]
[BlackElo "1650"]
[Annotator "NA"]
[PlyCount "55"]
[EventDate "2018.10.20"]
[EventType "swiss"]
[EventCountry "GRE"]
[SourceTitle "playchess.com"]
[Source "ChessBase"]
[SourceQuality "1"]
[TimeControl "40/5400+30:1800+30"]

1. e4 c5 2. Nf3 e6 3. d4 cxd4 4. Nxd4 Nc6 5. Be2 Qc7 6. Nc3 a6 7. O-O Nf6 8. Be3 Be7 9. f4 d6 10. Qe1 h5 11. Qg3 g6 12. Rae1 Bd7 13. Nxc6 Bxc6 14. Bd4 Rh7 15. Bd3 O-O-O 16. a4 Ng4 17. h3 e5 18. Bf2 Nxf2 19. Qxf2 Kb8 20. Kh1 g5 21. b4 Rg8 22. b5 axb5 23. axb5 Bd7 24. Nd5 Qd8 25. Ra1 Be6 26. Qa7+ Kc8 27. Qa8+ Kd7 28. Qxb7+ 1-0

[Event "WYCC 2018 G14"]
[Site "Halkidiki"]
[Date "2018.10.22"]
[Round "4"]
[White "Baiburina, Kamilla"]
[Black "Krasteva, Beloslava"]
[Result "1/2-1/2"]
[ECO "B50"]
[WhiteElo "1907"]
[BlackElo "2089"]
[Annotator "NA"]
[PlyCount "116"]
[EventDate "2018.10.20"]
[EventType "swiss"]
[EventCountry "GRE"]
[SourceTitle "playchess.com"]
[Source "ChessBase"]
[SourceQuality "1"]
[TimeControl "40/5400+30:1800+30"]

1. e4 c5 2. Nf3 d6 3. c3 Nf6 4. Be2 g6 5. O-O Bg7 6. Bb5+ Nc6 7. Re1 O-O 8. d4 Qb6 9. Bxc6 bxc6 10. Nbd2 cxd4 11. cxd4 a5 12. Qc2 $15 Ba6 13. b3 Rfc8 14. Bb2 Rab8 15. Nc4 Bxc4 16. Qxc4 Nxe4 17. Qd3 d5 18. Nd2 Nxd2 19. Qxd2 e6 20. Bc3 Qa7 21. Rec1 a4 22. b4 Re8 23. a3 f6 24. Bb2 Rb6 25. Re1 Qd7 26. Qf4 Qf7 27. Qe3 Rbb8 28. Rac1 Qb7 29. Qg3 Rbc8 30. Rc5 Bf8 31. Ra5 Qd7 32. Qf4 Bg7 33. Rxa4 c5 34. Ra6 cxb4 35. axb4 Rc4 36. Qd2 Qc8 37. b5 Bf8 38. Qf4 Rc2 39. Ba1 Bb4 40. Rd1 f5 41. g3 Qb8 42. Rxe6 Qxb5 43. Rxe8+ Qxe8 44. Rb1 Rc4 45. Bb2 Rc6 46. Qe5 Qxe5 47. dxe5 Kf7 48. Bd4 Rc4 49. Rd1 Ke6 50. Kg2 g5 51. f4 Rc2+ 52. Kf3 g4+ 53. Ke3 Rxh2 54. Rb1 Ba5 55. Ra1 Bd8 56. Ra6+ Kf7 57. Ra7+ Ke8 58. Ra8 Rh6 1/2-1/2

[Event "WYCC 2018 G14"]
[Site "Halkidiki"]
[Date "2018.10.22"]
[Round "4"]
[White "Nguyen, Thien Ngan"]
[Black "Djordjevic, Nevena"]
[Result "1-0"]
[ECO "B44"]
[WhiteElo "1888"]
[BlackElo "1704"]
[Annotator "NA"]
[PlyCount "117"]
[EventDate "2018.10.20"]
[EventType "swiss"]
[EventCountry "GRE"]
[SourceTitle "playchess.com"]
[Source "ChessBase"]
[SourceQuality "1"]
[TimeControl "40/5400+30:1800+30"]

1. e4 c5 2. Nf3 e6 3. d4 cxd4 4. Nxd4 Nc6 5. Nb5 d6 6. c4 Nf6 7. N1c3 a6 8. Na3 Be7 9. Be2 O-O 10. O-O b6 11. Be3 Qc7 12. f3 Bb7 13. Rc1 Ne5 14. Qd2 Rac8 15. Rfd1 Rfd8 16. Qe1 Ba8 17. Qf2 Ned7 18. Rc2 Qb8 19. Rcd2 Bc6 20. Nc2 Qc7 21. Kh1 Rb8 22. Qg3 Ne5 23. f4 Ned7 24. Bf3 Nc5 25. Bxc5 bxc5 26. b3 Qa5 27. Rd3 Qc7 28. Kg1 Qb7 29. Re3 Rd7 30. Rde1 Rbd8 31. Qf2 Bf8 32. e5 Ne8 33. Be4 g6 34. Bxc6 Qxc6 35. exd6 Nxd6 36. Re5 Nf5 37. Ne4 Bg7 38. Rxc5 Qb7 39. Rxf5 exf5 40. Nc5 Qc7 41. Nxd7 Qxd7 42. h3 Bc3 43. Re2 Qd3 44. Kh2 Bd2 45. Ne3 Rd4 46. Nd5 Kg7 47. Re7 Re4 48. Qh4 Qd4 49. Rxe4 fxe4 50. Qg4 Qf2 51. f5 Qxf5 52. Qxf5 gxf5 53. Kg3 Kg6 54. b4 h5 55. c5 h4+ 56. Kf2 f4 57. c6 e3+ 58. Ke2 a5 59. c7 1-0

[Event "WYCC 2018 G14"]
[Site "Halkidiki"]
[Date "2018.10.22"]
[Round "4"]
[White "Lomaia, Diana"]
[Black "Yellamraju, Aparna"]
[Result "1-0"]
[ECO "C07"]
[WhiteElo "1876"]
[BlackElo "1518"]
[Annotator "NA"]
[PlyCount "121"]
[EventDate "2018.10.20"]
[EventType "swiss"]
[EventCountry "GRE"]
[SourceTitle "playchess.com"]
[Source "ChessBase"]
[SourceQuality "1"]
[TimeControl "40/5400+30:1800+30"]

1. e4 e6 2. d4 d5 3. Nd2 c5 4. exd5 Qxd5 5. Ngf3 cxd4 6. Bc4 Qd6 7. O-O Nf6 8. Nb3 Nc6 9. Nbxd4 Nxd4 10. Nxd4 a6 11. a4 Qc7 12. Bd3 Bd6 13. h3 O-O 14. c3 Re8 15. Re1 Bd7 16. Bd2 Rad8 17. Qb1 h6 18. b4 Nd5 19. c4 Nf4 20. Bxf4 Bxf4 21. Nf3 b6 22. a5 Rb8 23. axb6 Qxb6 24. Re4 e5 25. c5 Qc7 26. Rxa6 Bc6 27. Re1 Bxf3 28. gxf3 Qc8 29. Kg2 Bd2 30. Re4 f5 31. Qa2+ Kh8 32. Rc4 Bxb4 33. Rb6 Rxb6 34. cxb6 Bc5 35. Qc2 Qd8 36. Rxc5 Qxb6 37. Bxf5 Qf6 38. Rc8 Rd8 39. Rxd8+ Qxd8 40. Qc8 Qxc8 41. Bxc8 Kg8 42. Kg3 Kf7 43. Kg4 Kf6 44. h4 Kg6 45. Bf5+ Kf6 46. h5 Ke7 47. Bc8 Kf6 48. Ba6 Ke6 49. Bc4+ Kf6 50. Bb3 g6 51. hxg6 Kxg6 52. Bc2+ Kf6 53. Kh5 Kg7 54. Be4 Kf6 55. Kxh6 Ke6 56. Kg6 Ke7 57. Kf5 Kf7 58. Kxe5 Kf8 59. Kf6 Ke8 60. Kg7 Ke7 61. f4 1-0

[Event "WYCC 2018 G14"]
[Site "Halkidiki"]
[Date "2018.10.22"]
[Round "4"]
[White "Kasaeva, Sofiia"]
[Black "Wikar, Martyna"]
[Result "0-1"]
[ECO "B33"]
[WhiteElo "1874"]
[BlackElo "2024"]
[Annotator "NA"]
[PlyCount "108"]
[EventDate "2018.10.20"]
[EventType "swiss"]
[EventCountry "GRE"]
[SourceTitle "playchess.com"]
[Source "ChessBase"]
[SourceQuality "1"]
[TimeControl "40/5400+30:1800+30"]

1. e4 c5 2. Nf3 Nc6 3. d4 cxd4 4. Nxd4 Nf6 5. Nc3 e5 6. Ndb5 d6 7. Bg5 a6 8. Na3 b5 9. Nd5 Be7 10. Bxf6 Bxf6 11. c3 Bg5 12. Nc2 Rb8 13. Ncb4 Nxb4 14. Nxb4 Qd7 15. Be2 O-O 16. O-O a5 17. Nd5 Qb7 18. Qd3 Be6 19. Rfd1 Kh8 20. Bf3 g6 21. Qe2 Kg7 22. Qd3 Qd7 23. Ne3 Rfd8 24. Qe2 Rb6 25. Nd5 Rb7 26. Ne3 Rc8 27. Nd5 Rc5 28. Ne3 Rb6 29. Qd3 Qc7 30. Qe2 b4 31. cxb4 Rxb4 32. b3 a4 33. bxa4 Rxa4 34. Nd5 Bxd5 35. Rxd5 Rc2 36. Qd3 Raxa2 37. Rxa2 Rxa2 38. Qf1 Qb6 39. Be2 Be3 40. fxe3 Qxe3+ 41. Qf2 Rxe2 42. Qxe3 Rxe3 43. Rxd6 Rxe4 44. Kf2 Ra4 45. Ke3 h5 46. Rd5 Kf6 47. Rd2 Ra3+ 48. Ke2 Kf5 49. Rb2 g5 50. Kf1 Ra4 51. Kf2 h4 52. Rc2 Ra3 53. Rb2 Kf4 54. Ke2 g4 0-1